cohdb
Replays
Latest Replays
All Replays
Popular Replays
Top Player Replays
Match Explorer
How It Works
Community
CoH3 Stats
Reddit
Sign in to upload your games and track your stats! →
Sign in with Steam
Match 40950569
Unlisted
Match 40950569
Overview
Messages
Build Orders
End
Construct Section Command Post
Vickers Machine Gun Team
Dingo Light Scout Car
Infantry Section
Infantry Section
Construct Platoon Command Post
Humber Armored Car
Infantry Section
6-pounder Anti-tank Gun Team
Selects Air and Sea Battlegroup
Selects Supply Surplus
Construct Resource Cache
Grenade Package
Construct Field Infirmary
6-pounder Anti-tank Gun Team
Construct Field Infirmary
Forward Retreat Point
Selects UNKNOWN (223837)
Construct Company Command Post
Unlock M3 Grant Medium Tanks
Construct Resource Cache
M3 Grant Medium Tank
Selects Naval Bombardment
Selects Commando Section Paradrop
Selects Commando Support Section Paradrop
Naval Bombardment
M3 Grant Medium Tank
Armored Vehicle Training
BurningShot
[EPIC]SAGEKING
Potato Ball Sack
台湾棋手赖清德
仙台葉月@宮城のけち
Adelfos88
Ares
ceremoney
0
0
Comments
sign in to comment!
No comments posted yet!